 Dungeon Crawl Stone Soup version 0.26-a0-259-g1effd001a9 (webtiles) character file.

Game seed: 14951014602501482758

974 wvc the Carver (level 8, -2/75 HPs)
             Began as a Naga Monk on July 20, 2020.
             Engulfed by a steam dragon's steam (11 damage)
             ... on level 7 of the Dungeon.
             The game lasted 00:12:57 (7552 turns).

wvc the Carver (Naga Monk)                          Turns: 7552, Time: 00:12:57

Health: -2/75      AC:  6    Str: 13    XL:     8   Next: 16%
Magic:  7/7        EV: 13    Int:  9    God:
Gold:   340        SH:  0    Dex: 16    Spells: 7/7 levels left

rFire    . . .     SeeInvis +   a - +0 falchion
rCold    . . .     Faith    .   (no shield)
rNeg     . . .     Spirit   .   o - +0 ring mail
rPois    +         Reflect  .   (helmet restricted)
rElec    .         Harm     .   (no cloak)
rCorr    .         Clarity  +   j - +0 pair of gloves
MR       +....                  (no barding)
Stlth    ++........             (no amulet)
HPRegen  0.22/turn              l - +4 ring of evasion
MPRegen  0.10/turn              (no ring)

@: about to teleport, very slow
A: large, horns 1, see invisible, clarity, deformed body, dopey 1, low mp 1,
poison resistance, robust 1, slowness 2, slow metabolism 1, spit poison 1, AC +2
a: Spit Poison


You were on level 7 of the Dungeon.
You were not hungry.

You visited 1 branch of the dungeon, and saw 7 of its levels.

You collected 340 gold pieces.

Inventory:

Hand Weapons
 a - a +0 falchion (weapon)
Missiles
 m - 2 javelins (quivered)
 q - 2 curare-tipped darts
 s - 3 boomerangs of dispersal
Armour
 h - a +0 helmet
 j - a +0 pair of gloves (worn)
 o - a +0 ring mail (worn)
Jewellery
 i - an uncursed amulet of magic regeneration
 l - a +4 ring of evasion (left hand)
 t - the ring "Boatweonn" {rElec rPois rF+ MR-}
   (You found it on level 6 of the Dungeon)

   [ring of protection from fire]

   It protects you from fire.
   It insulates you from electricity.
   It protects you from poison.
   It affects your resistance to hostile enchantments.
Scrolls
 d - 3 scrolls of teleportation
 n - 2 scrolls of immolation
 r - 3 scrolls of remove curse
Potions
 b - a potion of might
 e - 3 potions of curing
 f - a potion of resistance
 g - a potion of lignification
 k - 2 potions of haste
 p - a potion of magic
 u - a potion of flight {unknown}
 v - a potion of degeneration {unknown}
 w - a potion of mutation
Comestibles
 c - 23 rations


   Skills:
 - Level 3.0 Fighting
 + Level 9.7 Long Blades
 - Level 2.4 Dodging
 - Level 3.0 Stealth


You had 7 spell levels left.
You didn't know any spells.
Your spell library contained the following spells:

 Spells                   Type           Power        Failure   Level
 Corona                   Hex            #......      65%         1
 Ensorcelled Hibernation  Hex/Ice        #.....       80%         2
 Confusing Touch          Hex            #.......     95%         3
 Dazzling Flash           Conj/Hex       #.....       95%         3
 Tukima's Dance           Hex            #.......     95%         3


Dungeon Overview and Level Annotations

Branches:
Dungeon (7/15)
 Temple: D:4-7

Altars:
Dithmenos
Elyvilon
Nemelex Xobeh
Qazlal
Ru
Vehumet
The Shining One

Annotations:
D:2 Terence


Innate Abilities, Weirdness & Mutations

You cannot wear boots.
Your serpentine skin is tough. (AC +2)
You have supernaturally acute eyesight. (SInv)
Armour fits poorly on your strangely shaped body.
Your system is resistant to poisons. (rPois)
You cover ground very slowly.
You have a slow metabolism.
You can spit poison.
You have a pair of small horns on your head.
You possess an exceptional clarity of mind.
You are dopey. (Int -2)
Your magical capacity is low. (-10% MP)
You are robust. (+10% HP)


Message History

* * * LOW HITPOINT WARNING * * *
As you read the scroll of teleportation, it crumbles to dust.
You feel strangely unstable. The steam dragon completely misses you.
The steam dragon claws you but does no damage.
You feel better. The steam dragon bites you.
* * * LOW HITPOINT WARNING * * *
The steam dragon closely misses you.
Your ring mail prevents you from hitting the steam dragon.
The steam dragon is almost dead.
Your ring mail prevents you from hitting the steam dragon.
The steam dragon is almost dead.
The steam dragon closely misses you. x2
You closely miss the steam dragon.
The steam dragon is almost dead.
The steam dragon breathes steam at you. The ball of steam misses you.
You barely miss the steam dragon. Your headbutt misses the steam dragon.
The steam dragon is almost dead.
You are engulfed in a cloud of scalding steam.
You die...

### ###≈P## #P≈≈P..
#....^≈ ...[...
.....PP
.≈....D#########
#@§.##...########
#§§§............##
#..#§.#.##(#####...
.....##..§...# ####
#.##.##......#
###### #.
#.##..§...# #.....
# #.##......#
#.....
#.##......###.....
......###.......


You could see a steam dragon (catching breath).

Vanquished Creatures
  An ice beast (D:6)
  A sky beast (D:5)
  A phantom (D:6)
  2 centaurs (D:5)
  A bullfrog (D:6)
  A scorpion (D:4)
  A jelly (D:3)
  An orc priest (D:6)
  A hound (D:4)
  A worker ant (D:4)
  An iguana (D:5)
  3 orc wizards (D:5)
  2 hound skeletons (D:5)
  Robin (D:2)
  5 adders
  A white imp (D:6)
  An ooze (D:3)
  An adder zombie (D:6)
  2 worms
  4 dart slugs
  5 leopard geckos
  6 orcs
  A ball python (D:1)
  6 bats
  5 giant cockroaches
  12 goblins
  11 hobgoblins
  6 jackals
  6 kobolds
  A quokka (D:3)
  7 frilled lizards
  A jackal skeleton (D:6)
  A leopard gecko skeleton (D:6)
  A quokka zombie (D:6)
  3 rats
104 creatures vanquished.

Notes
Turn   | Place    | Note
-------+----------+-------------------------------------------
     0 | D:1      | wvc the Naga Monk began the quest for the Orb.
     0 | D:1      | Reached XP level 1. HP: 21/21 MP: 1/1
   288 | D:1      | Reached XP level 2. HP: 26/28 MP: 2/2
   591 | D:1      | Reached skill level 4 in Long Blades
   687 | D:1      | Reached XP level 3. HP: 12/34 MP: 3/3
  1632 | D:2      | Noticed Terence
  2194 | D:2      | Reached XP level 4. HP: 40/42 MP: 4/4
  2200 | D:2      | Noticed Robin
  2212 | D:2      | Killed Robin
  2212 | D:2      | Reached skill level 5 in Long Blades
  3027 | D:3      | Reached XP level 5. HP: 47/49 MP: 5/5
  3309 | D:3      | Reached skill level 6 in Long Blades
  3378 | D:3      | Found a sparkling altar of Nemelex Xobeh.
  3722 | D:4      | Found a glowing golden altar of the Shining One.
  3722 | D:4      | Found a sacrificial altar of Ru.
  3722 | D:4      | Found a white marble altar of Elyvilon.
  3947 | D:4      | Reached XP level 6. HP: 34/56 MP: 6/6
  4425 | D:4      | Found a radiant altar of Vehumet.
  4568 | D:5      | Entered Level 5 of the Dungeon
  4610 | D:5      | Reached skill level 7 in Long Blades
  5182 | D:5      | Reached XP level 7. HP: 3/62 MP: 7/7
  5687 | D:5      | Reached skill level 8 in Long Blades
  6663 | D:6      | Reached skill level 9 in Long Blades
  6856 | D:6      | Reached XP level 8. HP: 44/69 MP: 8/8
  6998 | D:6      | Found a shadowy altar of Dithmenos.
  6998 | D:6      | Found a stormy altar of Qazlal.
  7000 | D:6      | Gained mutation: You tend to lose your temper in combat.
                  | [potion of mutation]
  7000 | D:6      | Gained mutation: You have an increased reservoir of magic.
                  | (+10% MP) [potion of mutation]
  7000 | D:6      | Gained mutation: You are robust. (+10% HP) [potion of
                  | mutation]
  7000 | D:6      | Gained mutation: Your mind is acute. (Int +2) [potion of
                  | mutation]
  7175 | D:6      | Got a smoking bronze ring
  7176 | D:6      | Identified the ring "Boatweonn" {rElec rPois rF+ MR-} (You
                  | found it on level 6 of the Dungeon)
  7509 | D:7      | Lost mutation: Your mind is acute. (Int +2) [potion of
                  | mutation]
  7509 | D:7      | Lost mutation: You tend to lose your temper in combat.
                  | [potion of mutation]
  7509 | D:7      | Lost mutation: You have an increased reservoir of magic.
                  | (+10% MP) [potion of mutation]
  7509 | D:7      | Gained mutation: Your magical capacity is low. (-10% MP)
                  | [potion of mutation]
  7509 | D:7      | Gained mutation: You are dopey. (Int -2) [potion of
                  | mutation]
  7509 | D:7      | Gained mutation: You possess an exceptional clarity of
                  | mind. [potion of mutation]
  7509 | D:7      | Gained mutation: You have a pair of small horns on your
                  | head. [potion of mutation]
  7552 | D:7      | Engulfed by a steam dragon's steam

Illustrated notes

Levels and vault maps discovered:
D:1:      lemuel_arrival_funnel, layout_basic, minmay_pentomino_z4
D:2:      layout_loops_corners, uniq_jessica, uniq_robin, uniq_terence
D:3:      layout_rooms, nemelex_altar_shiori, first_ration
D:4:      layout_basic, vehumet_crystals,
          chequers_temple_overflow_statue_of_worship
D:5:      layout_loops_corners
D:6:      layout_cave_pods, gammafunk_temple_overflow_wave
D:7:      kennysheep_steamy, layout_basic, fedhas_altar_2,
          minmay_temple_entry_from_below_a

Skill      XL: |  1  2  3  4  5  6  7 |
---------------+----------------------+-----
Long Blades    | 4 5 6 7 9 |  9.7
Fighting       | |  3.0
Dodging        | |  2.4
Stealth        | |  3.0

Action                   |  1- 3 |  4- 6 |  7- 9 || total
-------------------------+-------+-------+-------++-------
Melee: Falchion          |   112 |   179 |   141 ||   432
       Headbutt          |       |       |     2 ||     2
Throw: Javelin           |       |     6 |     2 ||     8
       Dart              |       |     2 |       ||     2
 Abil: Spit Poison       |    17 |    13 |     5 ||    35
  Use: Potion            |     1 |     1 |     3 ||     5
       Scroll            |     3 |     7 |     5 ||    15
 Stab: Sleeping          |     4 |     2 |     1 ||     7
       Distracted        |       |     1 |       ||     1
       Invisible         |       |     1 |       ||     1
  Eat: Ration            |     1 |     2 |     2 ||     5
Armor: Robe              |    32 |       |       ||    32
       Animal skin       |       |    17 |       ||    17
       Ring mail         |       |    47 |    36 ||    83
Dodge: Dodged            |    80 |    99 |    80 ||   259
       Rpst.: Falchion   |    25 |    30 |    22 ||    77

Table legend:
 A = Non-vault XP
 B = Vault XP
 C = Vault XP percentage of total XP
 D = Non-vault monster count
 E = Vault monster count
 F = Vault count percentage of total count
                 A         B        C        D         E       F
            +---------+---------+-------+---------+---------+-------
      Total |    1358 |      34 |   2.4 |      92 |      12 |  11.5
            +---------+---------+-------+---------+---------+-------
        D:1 |      48 |       5 |   9.4 |      26 |       3 |  10.3
        D:2 |      45 |      29 |  39.2 |      16 |       9 |  36.0
        D:3 |     115 |       0 |   0.0 |      16 |       0 |   0.0
        D:4 |     164 |       0 |   0.0 |       6 |       0 |   0.0
        D:5 |     563 |       0 |   0.0 |      16 |       0 |   0.0
        D:6 |     423 |       0 |   0.0 |      12 |       0 |   0.0
            +---------+---------+-------+---------+---------+-------
